 Dungeon Crawl Stone Soup version 0.15-a0-2246-gfd41422 (webtiles) character file.

389688 Gekot the Slayer (level 22, 0/178 HPs)
             Began as a Gargoyle Fighter on July 25, 2014.
             Was a High Priest of the Shining One.
             Blown up by an eye of devastation (glowing shapeshifter) (49 damage)
             ... with a bolt of energy
             ... on Level 5 of the Vaults on July 26, 2014.
             The game lasted 03:07:38 (51626 turns).

Gekot the Slayer (Gargoyle Fighter)                Turns: 51626, Time: 03:07:39

HP   0/178       AC 55     Str 29      XL: 22   Next: 70%
MP  37/37        EV  8     Int 10      God: the Shining One [*****.]
Gold 2426        SH  0     Dex 20      Spells:  6 memorised,  5 levels left

rFire  + . .     SeeInvis .     h - +5 morningstar (protect)
rCold  + + .     Clarity  .     I - +2 plate armour {MR+}
rNeg   + + +     rCorr    .     (no shield)
rPois  +         rRot     +     n - +2 hat {MR+}
rElec  +         Spirit   .     c - +1 cloak
SustAb .         Warding  .     Y - +2 pair of gloves "Xioshigo" {rN+}
rMut   .         Stasis   .     w - +0 pair of boots of the Realm of Zot {rC++}
Gourm  +                        X - amulet of the gourmand
MR     +++..                    V - ring "Mnenuegg" {rF+ rN+ Stlth+}
                                T - ring "Stirus" {Str+5 Dex+4}

@: flying, slowed, glowing, very slow, extremely resistant to hostile
enchantments, extremely unstealthy
A: able to fly continuously, big wings, slimy green scales 1, negative energy
resistance 1, robust 1, electricity resistance, strong 1, unbreathing,
petrification resistance, rot immunity, AC +16
a: Stop Flying, Divine Shield, Cleansing Flame, Summon Divine Warrior, Renounce
Religion
}: 3/15 runes: decaying, serpentine, silver


You were on level 5 of the Vaults.
You worshipped the Shining One.
The Shining One was extremely pleased with you.
You were not hungry.

You visited 7 branches of the dungeon, and saw 43 of its levels.
You also visited: Ossuary and Bailey.

You collected 5970 gold pieces.
You spent 3544 gold pieces at shops.

Inventory:

Hand weapons
 a - the +1 morningstar "Ipsorgh" {antimagic, Int+2 SInv}
   (You found it on level 4 of the Lair of Beasts)

   It disrupts the flow of magical energy around spellcasters and certain
   magical creatures (including the wielder).
   It affects your intelligence (+2).
   It enhances your eyesight.
 h - a +5 morningstar of protection (weapon)
Missiles
 y - 8 throwing nets (quivered)
Armour
 c - a +1 cloak (worn)
 n - a +2 hat of magic resistance (worn)
 v - a +0 shield of reflection
 w - the +0 pair of boots of the Realm of Zot (worn) {rC++}
   (You bought it in a shop on level 4 of the Orcish Mines)

   It greatly protects you from cold.
 I - a +2 plate armour of magic resistance (worn)
 Y - the +2 pair of gloves "Xioshigo" (worn) {rN+}
   (You found it on level 8 of the Lair of Beasts)

   It protects you from negative energy.
Magical devices
 H - a wand of fireball (2)
 M - a wand of disintegration (9)
 Q - a wand of teleportation (6)
Comestibles
 d - 21 bread rations
 l - 19 fruits
 s - 3 beef jerkies
 z - 4 slices of pizza
 D - 13 meat rations
Scrolls
 e - a scroll of summoning
 f - 24 scrolls of identify
 i - 2 scrolls of enchant weapon
 o - 7 scrolls of enchant armour
 p - 4 scrolls of blinking
 r - 16 scrolls of remove curse
 x - 3 scrolls of holy word
 G - 8 scrolls of magic mapping
 P - 6 scrolls of recharging
 U - 15 scrolls of teleportation
Jewellery
 t - an uncursed ring of teleport control
 C - an uncursed ring of protection from cold
 E - an uncursed ring of see invisible
 O - an uncursed ring of sustain abilities
 S - an uncursed ring of protection from fire
 T - the ring "Stirus" (left hand) {Str+5 Dex+4}
   (You found it on level 4 of the Lair of Beasts)

   [ring of dexterity]

   It affects your strength (+5).
   It affects your dexterity (+4).
 V - the ring "Mnenuegg" (right hand) {rF+ rN+ Stlth+}
   (You bought it in a shop on level 4 of the Snake Pit)

   [ring of protection from fire]

   It protects you from fire.
   It protects you from negative energy.
   It makes you more stealthy.
 X - an amulet of the gourmand (around neck)
 Z - the ring of the Present {Str+3 Dex+2 Stlth-}
   (You found it on level 5 of the Swamp)

   [ring of loudness]

   It affects your strength (+3).
   It affects your dexterity (+2).
   It makes you less stealthy.
Potions
 b - a potion of resistance
 g - 2 potions of haste
 j - 5 potions of might
 u - 5 potions of restore abilities
 B - 15 potions of curing
 F - 4 potions of brilliance
 L - 4 potions of cure mutation
 N - a potion of porridge
Books
 k - a book of the Warp

   Spells                             Type                      Level
   Control Teleport                   Charms/Translocation         4
   Phase Shift                        Translocation                5
   Warp Weapon                        Charms/Translocation         5
   Dispersal                          Translocation                6
   Controlled Blink                   Translocation                7
   Disjunction                        Translocation                8
 m - the Handbook of Magnificence
   (You found it on level 1 of the Snake Pit)

   Spells                             Type                      Level
   *Apportation                       Translocation                1
   Shroud of Golubria                 Charms/Translocation         2
   Slow                               Hexes                        2
   *Blink                             Translocation                2
   Inner Flame                        Hexes/Fire                   3
   Metabolic Englaciation             Hexes/Ice                    5
 A - a book of Cantrips

   Spells                             Type                      Level
   Corona                             Hexes                        1
   Animate Skeleton                   Necromancy                   1
   Summon Small Mammal                Summoning                    1
   *Apportation                       Translocation                1
 W - a book of the Earth

   Spells                             Type                      Level
   Leda's Liquefaction                Hexes/Earth                  4
   Bolt of Magma                      Conjuration/Fire/Earth       5
   Statue Form                        Transmutation/Earth          6
   Iron Shot                          Conjuration/Earth            6
   Shatter                            Earth                        9
Rods
 q - a +3 lightning rod (13/13)
   (You took it off an ogre mage on level 5 of the Vaults)


   Skills:
 + Level 24.2 Fighting
 - Level 16.0 Maces & Flails
 - Level 20.0 Armour
 + Level 2.2 Dodging
 - Level 15.1 Shields
 - Level 15.7 Invocations


You had 5 spell levels left.
You knew the following spells:

 Your Spells              Type           Power        Failure   Level  Hunger
a - Lee's Rapid Deconstr  Erth           #.........   100%        5    ######.
b - Passwall              Trmt/Erth      #.........   100%        3    ####...
c - Stoneskin             Trmt/Erth      #.......     99%         2    ###....
d - Stone Arrow           Conj/Erth      #.....       100%        3    ####...
e - Blink                 Tloc           N/A          99%         2    ###....
f - Apportation           Tloc           #.........   95%         1    ##.....


Dungeon Overview and Level Annotations

Branches:
Dungeon (15/15)            Temple (1/1) D:6             Orc (4/4) D:12
    Elf (0/3) Orc:3          Lair (8/8) D:11          Swamp (5/5) Lair:3
  Snake (5/5) Lair:5        Slime (0/6) Lair:6       Vaults (5/5) D:14
  Crypt (0/3) Vaults:3     Depths (0/5) D:15

Altars:
Ashenzari
Cheibriados
Dithmenos
Elyvilon
Fedhas
Gozag
Kikubaaqudgha
Makhleb
Nemelex Xobeh
Okawaru
Qazlal
Sif Muna
Trog
Vehumet
Xom
Yredelemnul
Zin
The Shining One
Beogh

Shops:
D:4 (!*(   D:9 [   D:13 }   Orc:4 ![[:   Snake:4 *=**   Snake:5 (

Annotations:
Vaults:3 Mennas


Innate Abilities, Weirdness & Mutations

You are resistant to torment.
You are immune to poison.
You can fly continuously.
Your stone body is very resilient (AC +16).
Your wings are large and strong.
You resist negative energy.
You are resistant to electric shocks.
You can survive without breathing.
You are immune to petrification.
You are immune to rotting.
You are partially covered in slimy green scales (AC +2).
You are robust (+10% HP).
Your muscles are strong. (Str +2)


Message History

Something smites you!
* * * LOW HITPOINT WARNING * * *
The slime creature hits you but does no damage.
Unknown command.
You beat the sphinx like a drum!!!
You kill the sphinx!
Your Dodging skill increases to level 2!
The slime creature changes into an eye of devastation!
You puncture the eye of devastation!
The eye of devastation is moderately wounded.
An ironbrand convoker comes into view. It is wielding a morningstar.
The ironbrand convoker begins to recite a word of recall!
You puncture the eye of devastation!
The eye of devastation is severely wounded.
You bludgeon the eye of devastation!!
The eye of devastation is almost dead.
The phantasmal warrior is recalled.
The vault warden is recalled.
The eye of devastation gazes at you. The bolt of energy hits you!
You die...

#########################
..W....)@................
.......G.................
p.p.####################
... ..#..#...#..).(.## .
...#..#...#..(..###
..#........#....)###.
#..#....#...#....###..
#....#..#..#....###..!
#....#.....#...###....


You could see a vault warden, an eye of devastation shaped shifter, a phantasmal
warrior and an ironbrand convoker.

Vanquished Creatures
  Boris (Vaults:2)
  Mara (Swamp:5)
  A bone dragon (Swamp:5)
  2 liches
  3 tentacled monstrosities
  Vashnia (Snake:3)
  A player illusion (Swamp:5)
  A titan (Vaults:5)
  A quicksilver dragon (Vaults:4)
  3 sphinxes (Vaults:5)
  2 storm dragons
  4 shadow dragons
  4 tengu reavers
  4 thorn hunters
  A fire giant (Vaults:3)
  Donald (Orc:3)
  A deep elf sorcerer (Vaults:4)
  12 greater nagas
  11 vault wardens
  A frost giant (Vaults:5)
  Gastronok (Orc:2)
  Jorgrun (Vaults:4)
  8 stone giants
  A war gargoyle (Vaults:5)
  A deep elf demonologist (Vaults:4)
  3 deep elf annihilators
  6 ettins
  33 vault guards
  12 yaktaur captains
  The ghost of cribozai the Fighter, a powerful DrWr of Makhleb (D:11)
  13 ogre magi
  4 great orbs of eyes
  Fannar (D:12)
  4 fire dragons
  Harold (Lair:8)
  8 ironheart preservers
  8 hydras
  16 naga warriors
  2 ice dragons (Vaults:4)
  4 shambling mangroves
  28 anacondas
  5 alligators
  28 death yaks
  8 centaur warriors
  A deep troll earth mage (Vaults:1)
  A very ugly thing (Vaults:3)
  9 naga sharpshooters
  4 shock serpents
  Nergalle (D:14)
  2 fire crabs (Vaults:4)
  14 sea snakes
  5 unseen horrors
  A shadow wraith (Vaults:3)
  8 skeletal warriors
  2 spriggan druids
  A death drake (shapeshifter) (Vaults:1)
  5 salamander mystics
  Erolcha (Orc:4)
  The ghost of Charly the Martial Artist, an experienced DsMo of Trog (D:8)
  A death drake (Swamp:5)
  13 hill giants
  An ice statue (Orc:4)
  A wizard (D:15)
  4 swamp dragons
  Pikel (D:5)
  A harpy (Vaults:5)
  6 deep trolls
  7 naga ritualists
  A giant orange brain (Vaults:2)
  13 mana vipers
  An orc sorcerer (Vaults:5)
  3 deep elf conjurers
  3 necromancers
  3 wolf spiders
  14 ironbrand convokers
  A fire giant zombie (Vaults:3)
  A shining eye (shapeshifter) (Vaults:1)
  7 griffons
  A stone giant zombie (Vaults:4)
  16 orc knights
  4 phantasmal warriors
  18 elephants
  5 guardian serpents
  11 salamanders
  2 red wasps (Swamp:4)
  4 manticores
  3 cyclopes
  2 torpor snails
  4 gargoyles
  10 vault sentinels
  29 spiny frogs
  47 black mambas
  19 naga magi
  An item mimic (Lair:4)
  22 yaktaurs
  A yaktaur zombie (Vaults:2)
  2 kobold demonologists
  5 swamp worm zombies
  5 komodo dragons
  A tengu conjurer (D:13)
  A komodo dragon (shapeshifter) (D:14)
  4 deep elf priests
  8 freezing wraiths
  4 hydra zombies
  12 trolls
  A baby alligator (shapeshifter) (Vaults:3)
  15 two-headed ogres
  7 bog bodies
  6 boulder beetles
  A queen bee (D:9)
  A trapdoor spider zombie (D:12)
  A tengu simulacrum (Vaults:3)
  7 ravens
  18 slime creatures
  5 deep elf magi
  A raiju (shapeshifter) (Vaults:5)
  10 giant leeches
  3 alligator zombies (Swamp:5)
  3 hydra skeletons
  5 spectral swamp dragons (Swamp:5)
  2 trapdoor spiders (D:12)
  2 wyverns
  25 blink frogs
  14 human skeletons
  7 spriggans
  4 basilisks
  31 yaks
  4 shadows
  28 ugly things
  A steam dragon (Lair:4)
  2 tarantellas (shapeshifter) (Vaults:4)
  4 wraiths
  A hippogriff (shapeshifter) (D:14)
  A hill giant skeleton (D:13)
  5 deep elf fighters
  An ugly thing skeleton (Vaults:3)
  69 nagas
  7 hippogriffs
  A human (shapeshifter) (Vaults:4)
  34 swamp worms
  25 vampire mosquitoes
  3 hungry ghosts
  5 wolves (Lair:1)
  A soldier ant (D:15)
  A warg (Vaults:2)
  3 mottled dragons
  14 porcupines
  5 ice beasts
  An ogre skeleton (D:13)
  40 water moccasins
  2 black bears
  A tengu skeleton (D:14)
  A human zombie (Vaults:2)
  42 orc warriors
  4 swamp drakes
  9 yellow wasps
  4 swamp dragon zombies (Swamp:5)
  3 sky beasts
  3 boggarts (Vaults:2)
  11 phantoms
  15 centaurs
  A tengu (shapeshifter) (Vaults:2)
  A boring beetle (shapeshifter) (Vaults:5)
  18 crocodiles
  59 ogres
  Duvessa (D:4)
  2 komodo dragon zombies
  An orc skeleton (D:13)
  A brain worm (D:14)
  4 boring beetles
  A big kobold (D:7)
  Blork the orc (D:6)
  30 insubstantial wisps
  27 giant frogs
  An eye of draining (shapeshifter) (Vaults:1)
  4 wights (D:15)
  A hippogriff zombie (D:12)
  2 scorpions
  14 electric eels
  A yak skeleton (D:7)
  4 centaur zombies
  Dowan (D:4)
  11 crimson imps
  21 killer bees
  2 lava snakes (Lair:4)
  2 goliath beetles
  A quasit (D:8)
  Crazy Yiuf (D:4)
  5 iguanas
  14 orc priests
  11 jellies
  14 hounds
  A kobold skeleton (D:13)
  20 orc wizards
  8 sheep (Lair:3)
  3 spectral orcs (D:14)
  3 spectral swamp drakes (Swamp:5)
  9 worker ants
  6 big kobold zombies (Ossuary)
  A crocodile zombie (Swamp:3)
  Ijyb (D:4)
  A sky beast zombie (D:9)
  Terence (D:2)
  4 mummies
  6 gnolls
  A scorpion zombie (D:9)
  A swamp drake zombie (Swamp:3)
  25 adders
  A giant mite (D:5)
  124 green rats
  A white imp (D:12)
  An inept feature mimic (D:4)
  2 shadow imps (D:15)
  3 worms (D:2)
  An iguana skeleton (D:7)
  2 orc zombies
  3 giant geckos
  2 oozes
  176 orcs
  6 spectral bats (Ossuary)
  A ball python (D:2)
  4 bat simulacra (Ossuary)
  5 giant cockroaches
  6 gnoll zombies (Ossuary)
  19 goblins
  25 hobgoblins
  12 jackals
  12 quokkas
  12 bats
  A giant newt (D:4)
  3 goblin simulacra (Ossuary)
  A goblin skeleton (D:5)
  5 goblin zombies (Ossuary)
  10 hobgoblin zombies
  30 kobolds
  4 kobold simulacra (Ossuary)
  3 kobold zombies (Ossuary)
  A quokka skeleton (D:4)
  12 rats
  2 spectral goblins (Ossuary)
  A spectral kobold (Ossuary)
  2 spectral rats (Ossuary)
  3 briar patches (Swamp:5)
  2 plants (Lair:8)
1998 creatures vanquished.

Vanquished Creatures (collateral kills)
  The ghost of ThermosAquaticus the Black Belt, a great GrFE of Cheibriados (Vaults:4)
  A titan (Vaults:4)
  A vault warden (Vaults:4)
  A deep elf sorcerer (Vaults:5)
  A deep elf demonologist (Vaults:4)
  2 vault guards (Vaults:4)
  2 yaktaur captains
  A fire dragon (Vaults:4)
  3 ironheart preservers
  2 ice dragons (Vaults:4)
  2 ogre magi (Vaults:4)
  2 deep troll earth magi (Vaults:3)
  A soul eater (Vaults:4)
  A deep troll (Vaults:3)
  A shadow wraith (Vaults:4)
  A tengu zombie (Vaults:4)
  2 orc knights
  A wolf spider (Vaults:4)
  An ironbrand convoker (Vaults:4)
  A necromancer (Vaults:2)
  A griffon (Vaults:2)
  A tengu skeleton (Vaults:4)
  2 cyclopes (Vaults:2)
  A small abomination (Vaults:4)
  A mana viper (shapeshifter) (Vaults:4)
  2 vault sentinels
  5 yaktaurs
  A freezing wraith (Vaults:4)
  A boulder beetle (Vaults:4)
  A human simulacrum (Vaults:2)
  7 slime creatures (Vaults:2)
  A human zombie (Vaults:2)
  A two-headed ogre (Vaults:2)
  2 deep elf fighters (Vaults:4)
  3 ugly things (Vaults:2)
  An orc warrior (Vaults:2)
  2 ogres (Vaults:4)
  An elf skeleton (Vaults:4)
  An orc simulacrum (Vaults:2)
  An orc wizard (Vaults:2)
  An orc (Vaults:2)
65 creatures vanquished.

Vanquished Creatures (others)
  2 daevas
  A tengu reaver (Vaults:2)
  A vault warden (Vaults:5)
  An angel (Vaults:4)
  A yaktaur captain (Vaults:5)
  An ironheart preserver (Vaults:5)
  A centaur warrior (Vaults:2)
  4 naga sharpshooters
  A salamander (Snake:5)
  A vault sentinel (Vaults:4)
  5 yaktaurs
  A frost giant simulacrum (Vaults:3)
  2 nagas
  3 centaurs
  2 ogres (Vaults:5)
  A komodo dragon zombie (D:13)
  A boggart (Vaults:2)
  An elf simulacrum (Vaults:3)
  An orc (Orc:4)
  A gnoll skeleton (D:5)
  A giant spore (D:14)
  A ballistomycete (D:14)
  2 briar patches (Swamp:5)
  3 fungi
  A plant (Lair:8)
  7 toadstools (D:1)
47 creatures vanquished.

Grand Total: 2110 creatures vanquished

Notes
Turn   | Place    | Note
--------------------------------------------------------------
     0 | D:1      | Gekot, the Gargoyle Fighter, began the quest for the Orb.
     0 | D:1      | Reached XP level 1. HP: 14/14 MP: 1/1
   458 | D:1      | Reached XP level 2. HP: 17/19 MP: 2/2
  1156 | D:2      | Reached XP level 3. HP: 21/23 MP: 3/3
  1166 | D:2      | Found a blossoming altar of Fedhas.
  1223 | D:2      | Noticed Terence
  1231 | D:2      | Killed Terence
  1231 | D:2      | Reached skill level 4 in Shields
  1342 | D:2      | Reached XP level 4. HP: 28/28 MP: 4/4
  1934 | D:3      | Found a basalt altar of Yredelemnul.
  1943 | D:3      | Reached XP level 5. HP: 33/33 MP: 5/5
  2576 | D:4      | Found Isamaulo's Distillery.
  2619 | D:4      | Reached XP level 6. HP: 34/38 MP: 6/6
  2630 | D:4      | Reached skill level 5 in Shields
  2633 | D:4      | Found a radiant altar of Vehumet.
  2634 | D:4      | Found a burning altar of Makhleb.
  2650 | D:4      | Found Wouch's Book Shoppe.
  2654 | D:4      | Wouch's Book Shoppe was a mimic.
  2700 | D:4      | Noticed Ijyb
  2718 | D:4      | Killed Ijyb
  2729 | D:4      | Noticed Duvessa
  2729 | D:4      | Noticed Dowan
  2744 | D:4      | Killed Duvessa
  2749 | D:4      | HP: 1/39 [Dowan/shard of ice (21)]
  2761 | D:4      | Killed Dowan
  2761 | D:4      | Reached XP level 7. HP: 14/44 MP: 7/7
  3075 | D:4      | Noticed Crazy Yiuf
  3079 | D:4      | Killed Crazy Yiuf
  3255 | D:4      | Reached skill level 6 in Shields
  3295 | D:4      | Found Lumiaboo's Weapon Shop.
  3364 | D:4      | Found a shimmering altar of Xom.
  3512 | D:4      | Found a deep blue altar of Sif Muna.
  3568 | D:4      | Reached skill level 5 in Maces & Flails
  3611 | D:4      | Reached skill level 5 in Armour
  3669 | D:4      | Found Zyoshyto's Weapon Boutique.
  3690 | D:4      | Found Mnaloix's General Store.
  3854 | D:4      | Gained mutation: Your muscles are strong. (Str +2) [potion of beneficial mutation]
  3856 | D:4      | Reached skill level 7 in Fighting
  3856 | D:4      | Reached skill level 8 in Maces & Flails
  3856 | D:4      | Reached skill level 10 in Shields
  3856 | D:4      | Reached XP level 8. HP: 48/53 MP: 8/8
  3893 | D:5      | Entered Level 5 of the Dungeon
  4114 | D:5      | Reached XP level 9. HP: 57/57 MP: 9/9
  4138 | D:5      | Noticed Pikel
  4148 | D:5      | Killed Pikel
  4374 | D:5      | Found a stormy altar of Qazlal.
  4781 | D:6      | Noticed Blork the orc
  4787 | D:6      | Killed Blork the orc
  4920 | D:6      | Found a staircase to the Ecumenical Temple.
  4978 | Temple   | Entered the Ecumenical Temple
  4990 | Temple   | Became a worshipper of the Shining One
  5867 | D:7      | Reached XP level 10. HP: 64/64 MP: 10/10
  6189 | D:8      | Noticed Charly's ghost (experienced DsMo)
  6220 | D:8      | Killed Charly's ghost
  6257 | D:8      | Gained mutation: You are robust (+10% HP). [potion of beneficial mutation]
  6299 | D:8      | Found a sand-covered staircase.
  6303 | Ossuary  | Entered an ossuary
  6349 | Ossuary  | Acquired the Shining One's first power
  6562 | Ossuary  | Reached skill level 11 in Shields
  6598 | Ossuary  | Acquired the Shining One's second power
  6836 | D:8      | Reached skill level 10 in Maces & Flails
  7372 | D:9      | Found Jyilysm's Antique Armour Boutique.
  7380 | D:9      | Bought a distressingly furry scale mail for 243 gold pieces
  7392 | D:9      | Identified the +5 scale mail "Xitoask" {Str-3 Dex+4} (You bought it in a shop on level 9 of the Dungeon)
  7445 | D:9      | Got a faintly humming scale mail
  7459 | D:9      | Identified the cursed +0 scale mail of Evvaw {rN+ Slay+4 Stlth+} (You found it on level 9 of the Dungeon)
  7812 | D:9      | Found a sparkling altar of Nemelex Xobeh.
  7976 | D:9      | Reached XP level 11. HP: 75/75 MP: 11/11
  8132 | D:10     | Entered Level 10 of the Dungeon
  8194 | D:10     | Noticed a hill giant
  8209 | D:10     | Killed a hill giant
  8256 | D:10     | Reached skill level 12 in Shields
  8536 | D:10     | Learned a level 5 spell: Lee's Rapid Deconstruction
  8540 | D:10     | Learned a level 3 spell: Passwall
  8543 | D:10     | Learned a level 2 spell: Stoneskin
  9278 | D:11     | Noticed a hill giant
  9311 | D:11     | Killed a hill giant
  9355 | D:11     | Found a flagged portal.
  9362 | Bailey   | Entered a bailey
  9495 | Bailey   | Noticed an orc knight
  9518 | Bailey   | Killed an orc knight
  9715 | D:11     | Noticed cribozai's ghost (powerful DrWr)
  9728 | D:11     | Killed cribozai's ghost
  9798 | D:11     | Found a staircase to the Lair.
 10119 | D:11     | Reached XP level 12. HP: 63/83 MP: 12/12
 10448 | Lair:1   | Entered Level 1 of the Lair of Beasts
 10989 | Lair:1   | Reached skill level 13 in Shields
 12309 | Lair:3   | Noticed an eight-headed hydra
 12322 | Lair:3   | Killed an eight-headed hydra
 12322 | Lair:3   | Reached skill level 10 in Fighting
 12475 | Lair:3   | Reached skill level 10 in Armour
 12953 | Lair:3   | Found a staircase to the Swamp.
 13052 | Lair:4   | Noticed a death yak
 13053 | Lair:4   | Noticed a death yak
 13054 | Lair:4   | Noticed a death yak
 13073 | Lair:4   | Killed a death yak
 13073 | Lair:4   | Reached skill level 14 in Shields
 13074 | Lair:4   | Noticed a death yak
 13074 | Lair:4   | Noticed a death yak
 13074 | Lair:4   | Acquired the Shining One's third power
 13089 | Lair:4   | Killed a death yak
 13114 | Lair:4   | Killed a death yak
 13114 | Lair:4   | Reached XP level 13. HP: 82/91 MP: 13/13
 13125 | Lair:4   | Killed a death yak
 13145 | Lair:4   | Killed a death yak
 13548 | Lair:4   | Got a twitching copper ring
 13550 | Lair:4   | Identified the ring "Stirus" {Str+5 Dex+4} (You found it on level 4 of the Lair of Beasts)
 13674 | Lair:4   | Got a fine long sword
 13675 | Lair:4   | Identified the +8 long sword of Xyifywit {drain, SInv} (You found it on level 4 of the Lair of Beasts)
 13775 | Lair:4   | Got a smoking morningstar
 13778 | Lair:4   | Identified the cursed +1 morningstar "Ipsorgh" {antimagic, Int+2 SInv} (You found it on level 4 of the Lair of Beasts)
 14106 | Lair:5   | Found a basalt altar of Yredelemnul.
 14299 | Lair:5   | Found a staircase to the Snake Pit.
 15012 | Lair:6   | Found a staircase to the Slime Pits.
 15846 | Lair:7   | Reached skill level 15 in Shields
 16166 | Lair:6   | Gained mutation: Your wings are large and strong. [gargoyle growth]
 16166 | Lair:6   | Reached XP level 14. HP: 71/99 MP: 4/14
 16960 | Lair:7   | Got an ichor-stained ring mail
 16972 | Lair:7   | Identified the cursed +5 ring mail "Tyutsih" {Str+2 Dex+1} (You found it on level 7 of the Lair of Beasts)
 16993 | Lair:8   | Entered Level 8 of the Lair of Beasts
 17209 | Lair:7   | Learned a level 3 spell: Stone Arrow
 17857 | Lair:8   | Reached skill level 15 in Maces & Flails
 17885 | Lair:8   | Noticed Harold
 17915 | Lair:8   | Killed Harold
 18144 | Lair:8   | Acquired the Shining One's fourth power
 18163 | Lair:8   | Got a pair of warped gloves
 18229 | Lair:8   | Reached XP level 15. HP: 99/106 MP: 5/15
 18253 | Lair:8   | Identified the +2 pair of gloves "Xioshigo" {rN+} (You found it on level 8 of the Lair of Beasts)
 19282 | D:12     | Noticed Fannar
 19297 | D:12     | Killed Fannar
 19557 | D:12     | Found a staircase to the Orcish Mines.
 20255 | D:13     | Found Naamunos' Gadget Boutique.
 20536 | D:13     | Reached skill level 16 in Maces & Flails
 21021 | D:14     | Noticed Nergalle
 21041 | D:14     | Killed Nergalle
 21052 | D:14     | Found a gate to the Vaults.
 22003 | D:15     | Entered Level 15 of the Dungeon
 22660 | D:15     | Reached XP level 16. HP: 83/117 MP: 5/16
 22761 | D:15     | Found a staircase to the Depths.
 23162 | Orc:1    | Entered Level 1 of the Orcish Mines
 23429 | Orc:2    | Found a bloodstained altar of Trog.
 23522 | Orc:2    | Noticed Gastronok
 23536 | Orc:2    | Killed Gastronok
 24071 | Orc:1    | Found a glowing silver altar of Zin.
 24466 | Orc:3    | Noticed Donald
 24482 | Orc:3    | Killed Donald
 24625 | Orc:3    | Found a staircase to the Elven Halls.
 24709 | Orc:3    | Found a roughly hewn altar of Beogh.
 24987 | Orc:4    | Entered Level 4 of the Orcish Mines
 25075 | Orc:4    | Noticed Erolcha
 25090 | Orc:4    | Killed Erolcha
 25263 | Orc:4    | Found a deep blue altar of Sif Muna.
 25310 | Orc:4    | Found Miec's Armour Emporium.
 25328 | Orc:4    | Reached skill level 15 in Fighting
 25447 | Orc:4    | Reached skill level 15 in Armour
 25661 | Orc:4    | Found Nouzxits' Distillery.
 25662 | Orc:4    | Found Jurexew's Antique Armour Boutique.
 25681 | Orc:4    | Found Coopegri's Book Shoppe.
 25685 | Orc:4    | Bought a runed cloak for 121 gold pieces
 25685 | Orc:4    | Bought a pair of heavily runed boots for 256 gold pieces
 25697 | Orc:4    | Identified the +0 pair of boots of the Realm of Zot {rC++} (You bought it in a shop on level 4 of the Orcish Mines)
 26219 | Snake:1  | Entered Level 1 of the Snake Pit
 26373 | Snake:1  | Found a deep blue altar of Sif Muna.
 27581 | Snake:1  | Reached XP level 17. HP: 117/126 MP: 2/17
 27640 | Snake:1  | Identified the Handbook of Magnificence
 27644 | Snake:1  | Learned a level 2 spell: Blink
 27645 | Snake:1  | Got a wavering brass ring
 27647 | Snake:1  | Identified the ring of Renelije {rElec rC+ Dex-1 Int+3} (You found it on level 1 of the Snake Pit)
 29064 | Snake:3  | Got a steaming brass ring
 29066 | Snake:3  | Identified the ring "Smesuqi" {Ice Dex+3 Int+1} (You found it on level 3 of the Snake Pit)
 29271 | Snake:3  | Reached skill level 17 in Fighting
 29493 | Snake:4  | Found Kuacugg's Assorted Antiques.
 29502 | Snake:4  | Bought a faintly glowing morningstar for 306 gold pieces
 29502 | Snake:4  | Bought a glowing plate armour for 782 gold pieces
 29502 | Snake:4  | Bought a viscous brown potion for 30 gold pieces
 29504 | Snake:4  | Identified the cursed -2 morningstar "Bale" {flame, rPois rN+ Str+1} (You bought it in a shop on level 4 of the Snake Pit)
 29592 | Snake:3  | Noticed Vashnia
 29628 | Snake:3  | Killed Vashnia
 30504 | Snake:3  | Got a fine hunting sling
 30505 | Snake:3  | Identified the cursed -1 hunting sling "Weutac" {freeze, +Blink Int+4} (You found it on level 3 of the Snake Pit)
 31149 | Snake:4  | Found Soat's Jewellery Shop.
 31161 | Snake:4  | Bought the cursed ring "Mnenuegg" {rF+ rN+ Stlth+} for 432 gold pieces
 31161 | Snake:4  | Bought an uncursed amulet of the gourmand for 360 gold pieces
 31669 | Snake:4  | Found Fedar's Assorted Antiques.
 31677 | Snake:4  | Bought a brass wand for 172 gold pieces
 31677 | Snake:4  | Bought a polished chain mail for 408 gold pieces
 31677 | Snake:4  | Bought a glowing cloak for 193 gold pieces
 31677 | Snake:4  | Bought a scroll labeled PRAIN COLYU for 43 gold pieces
 31692 | Snake:4  | Identified the +5 chain mail of Pluil {Str+3 Dex-4} (You bought it in a shop on level 4 of the Snake Pit)
 31920 | Snake:4  | Found Gramal's General Store.
 31928 | Snake:4  | Bought 2 potions of heal wounds for 72 gold pieces
 31928 | Snake:4  | Bought a scroll of enchant armour for 90 gold pieces
 31928 | Snake:4  | Bought a scroll of teleportation for 36 gold pieces
 31954 | Snake:4  | Reached XP level 18. HP: 123/136 MP: 6/18
 31972 | Snake:4  | Reached skill level 18 in Fighting
 31977 | Snake:5  | Entered Level 5 of the Snake Pit
 33569 | Snake:5  | Reached skill level 19 in Fighting
 33581 | Snake:5  | Got a serpentine rune of Zot
 33796 | Snake:5  | Found Smulasch's Weapon Shoppe.
 33867 | Snake:5  | Learned a level 1 spell: Apportation
 34933 | Swamp:1  | Entered Level 1 of the Swamp
 35088 | Swamp:1  | Reached XP level 19. HP: 146/146 MP: 6/18
 35895 | Swamp:2  | Identified a scroll of acquirement
 37611 | Swamp:4  | Gained mutation: You are partially covered in slimy green scales (AC +2). [potion of beneficial mutation]
 38052 | Swamp:5  | Entered Level 5 of the Swamp
 38361 | Swamp:5  | Noticed Mara
 38362 | Swamp:5  | Noticed Gekot's illusion
 38430 | Swamp:5  | Killed Gekot's illusion
 38745 | Swamp:5  | Killed Mara
 38745 | Swamp:5  | Reached skill level 20 in Fighting
 38963 | Swamp:4  | Reached skill level 1 in Invocations
 39168 | Swamp:5  | Got a fine iron ring
 39170 | Swamp:5  | Identified the ring of the Present {Str+3 Dex+2 Stlth-} (You found it on level 5 of the Swamp)
 39760 | Swamp:5  | Noticed a bone dragon
 39772 | Swamp:5  | Reached skill level 5 in Invocations
 39802 | Swamp:5  | Killed a bone dragon
 39844 | Swamp:5  | Got a decaying rune of Zot
 40387 | Vaults:1 | Entered Level 1 of the Vaults
 40980 | Vaults:1 | Reached XP level 20. HP: 122/156 MP: 9/29
 41616 | Vaults:1 | Reached skill level 21 in Fighting
 41904 | Vaults:2 | Noticed Boris
 41937 | Vaults:2 | Killed Boris
 42194 | Vaults:2 | Upgraded the game from 0.15-a0-2232-g756d4b8 to 0.15-a0-2246-gfd41422
 42921 | Vaults:2 | Reached skill level 10 in Invocations
 44212 | Vaults:3 | Reached skill level 22 in Fighting
 44827 | Vaults:3 | Reached XP level 21. HP: 160/166 MP: 11/33
 44864 | Vaults:3 | Found a staircase to the Crypt.
 46120 | Vaults:4 | Noticed ThermosAquaticus' ghost (great GrFE)
 46173 | Vaults:4 | Killed ThermosAquaticus' ghost
 47756 | Vaults:5 | Entered Level 5 of the Vaults
 47756 | Vaults:5 | Noticed Mennas
 47794 | Vaults:5 | Noticed Jorgrun
 47836 | Vaults:4 | Reached skill level 23 in Fighting
 48114 | Vaults:4 | Killed Jorgrun
 49297 | Vaults:5 | Reached XP level 22. HP: 147/176 MP: 12/36
 50223 | Vaults:4 | Reached skill level 15 in Invocations
 50789 | Vaults:5 | Reached skill level 24 in Fighting
 51364 | Vaults:5 | Reached skill level 1 in Dodging
 51427 | Vaults:5 | Got a silver rune of Zot
 51626 | Vaults:5 | Blown up by an eye of devastation (glowing shapeshifter)

Action                   |  1- 3 |  4- 6 |  7- 9 | 10-12 | 13-15 | 16-18 | 19-21 | 22-24 || total
-------------------------+-------+-------+-------+-------+-------+-------+-------+-------++-------
Melee: Flail             |    45 |       |       |       |       |       |       |       ||    45
       Whip              |    57 |   195 |   357 |  1300 |   157 |       |       |       ||  2066
       Morningstar       |       |       |       |       |  1645 |  2351 |  3076 |   389 ||  7461
Invok: Divine Shield     |       |       |       |       |     3 |     2 |     2 |     1 ||     8
       Summon Divine War |       |       |       |       |       |       |     9 |     4 ||    13
 Abil: Fly               |       |       |       |       |     1 |       |     3 |       ||     4
Evoke: Wand              |       |       |     3 |     6 |     3 |     3 |     2 |       ||    17
  Use: Scroll            |       |     1 |     9 |    11 |    10 |     4 |     5 |       ||    40
       Potion            |       |     3 |     5 |     3 |     6 |     4 |    14 |     1 ||    36
 Stab: Distracted        |       |       |       |       |       |       |     4 |       ||     4
  Eat: Chunk             |     1 |     5 |    10 |    24 |    23 |    11 |    50 |     7 ||   131
       Pizza             |       |       |       |       |     6 |     1 |       |       ||     7
       Beef jerky        |       |       |       |       |     6 |     1 |       |       ||     7
       Royal jelly       |       |       |       |       |       |    13 |       |       ||    13
